Map: Submarine LE

Players

Trap

  • Race: Protoss Protoss
  • Spawn Location: 5:00

LiquidClem (Clem) - Winner!

  • Race: Terran Terran
  • League: Bronze
  • Spawn Location: 11:00

Event: DreamHack SC2 Masters 2020 Summer Season Finals

VOD

Have the link to the VOD?

Description

Time

  • Played on: July 17, 2020, 10:18 a.m.
  • Length: 13:46

All games in this series

Show
View Real Time Build Order
Export as new Build Order

Trap Protoss 

Build Orders: 1 Gate Expand, Blink Stalkers, Zealot Archon 

Get SALT Encoding   

  12  0:00  Probe  
  13  0:12  Probe  
  14  0:17  Pylon  
  14  0:23  Probe  
  15  0:32  Probe  
  15  0:36  Gateway  
  15  0:40  Probe  
  16  0:47  Assimilator  
  17  0:51  Probe  
  18  1:03  Probe  
  19  1:15  Probe  
  20  1:23  Cybernetics Core  
  20  1:34  Nexus  
  20  1:41  Pylon  
  20  1:42  Probe  
  21  1:48  Assimilator  
  21  1:49  Stalker  
  21  1:54  Probe  
  24  2:02  Warp Gate  
  24  2:06  Probe  
  25  2:18  Probe  
  26  2:23  Twilight Council  
  26  2:28  Probe  
  26  2:31  Adept  
  26  2:37  Probe  
  30  2:44  Probe  
  30  2:45  Probe, Blink  
  32  2:52  Probe  
  32  2:56  Gateway  
  32  2:57  Probe  
  33  3:06  Probe  
  33  3:14  Probe  
  33  3:18  Probe  
  35  3:20  Robotics Facility  
  34  3:27  Probe  
  34  3:30  Probe  
  34  3:34  Gateway  
  36  3:40  Shield Battery  
  36  3:42  Probe x2  
  38  3:48  Gateway  
  38  3:54  Probe x2  
  40  3:57  Warp Prism  
  39  4:06  Pylon  
  41  4:11  Stalker  
  41  4:15  Stalker  
  45  4:18  Probe  
  46  4:24  Probe  
  46  4:27  Pylon  
  47  4:33  Observer  
  48  4:43  Stalker x3  
  54  4:47  Stalker  
  54  4:48  Probe  
  54  4:51  Pylon  
  57  4:54  Probe, Pylon  
  58  5:17  Stalker x3  
  58  5:18  Stalker  
  58  5:19  Probe x2  
  58  5:20  Assimilator  
  66  5:22  Assimilator  
  66  5:31  Probe x2  
  68  5:41  Dark Shrine  
  68  5:42  Pylon  
  68  5:45  Stalker, Zealot x2  
  68  5:49  Stalker  
  76  5:50  Probe x2  
  68  6:14  Stalker x4  
  76  6:18  Forge  
  74  6:32  Nexus  
  72  6:33  Charge, Protoss Ground Weapons Level 1  
  72  6:52  Probe x2, Gateway  
  70  6:54  Dark Templar x2  
  70  6:55  Gateway  
  70  6:58  Dark Templar  
  70  7:01  Immortal  
  76  7:04  Probe x2, Pylon  
  82  7:16  Pylon  
  82  7:23  Pylon  
  82  7:29  Immortal  
  80  7:33  Zealot x4  
  88  7:39  Observer  
  92  7:46  Probe x3  
  95  7:52  Sentry x2  
  95  7:53  Shield Battery  
  95  7:57  Archon  
  95  7:58  Zealot x2  
  103  8:11  Stalker x2  
  104  8:20  Zealot x2  
  96  8:31  Dark Templar x2  
  100  8:35  Zealot  
  100  8:36  Zealot  
  100  8:39  Probe x3  
  88  8:49  Zealot x2  
  88  8:56  Zealot x2  
  88  8:58  Warp Prism  
  88  9:01  Probe  
  87  9:03  Probe  
  87  9:05  Sentry x2  
  87  9:07  Probe  
  83  9:13  Probe  
  82  9:17  Probe  
  82  9:19  Probe  
  82  9:23  Probe, Zealot x4  
  91  9:25  Protoss Ground Weapons Level 2  
  91  9:27  Observer  
  91  9:30  Probe  
  93  9:33  Pylon  
  94  9:41  Sentry  
  94  9:42  Sentry  
  94  9:45  Zealot x2  
  102  9:51  Zealot x2  
  95  10:04  Warp Prism  
  95  10:11  Zealot x6  
  105  10:17  Stalker x5  
  105  10:20  Zealot  
  99  10:21  Probe x2  
  95  10:28  Robotics Bay  
  93  10:38  Assimilator  
  93  10:41  Assimilator  
  93  10:43  Dark Templar  
  93  10:52  Immortal, Shield Battery, Zealot  
  93  10:53  Zealot x3  
  101  10:59  Zealot  
  107  11:15  Zealot x3  
  107  11:16  Zealot, Colossus  
  117  11:36  Zealot  
  117  11:37  Zealot x2  
  117  11:39  Zealot  
  125  11:45  Extended Thermal Lance  
  111  11:52  Zealot x2  
  93  11:58  Probe x3, Colossus  
  93  12:00  Zealot  
  96  12:01  Zealot  
  104  12:16  Robotics Facility  
  104  12:27  Stalker x2  
  108  12:35  Zealot  
  108  12:36  Zealot  
  112  12:39  Zealot  
  114  12:44  Disruptor  
  114  12:47  Pylon  
  114  12:49  Pylon  
  112  12:57  Stalker x2, Sentry x2  
  121  13:03  Stalker x2  
  102  13:30  Zealot x4  
Show
View Real Time Build Order
Export as new Build Order

LiquidClem Terran - Winner!

Build Orders: Reaper Expand 

Get SALT Encoding   

  12  0:00  SCV  
  13  0:12  SCV  
  14  0:17  Supply Depot  
  14  0:24  SCV  
  15  0:38  SCV  
  15  0:40  Barracks  
  16  0:43  Refinery  
  16  0:50  SCV  
  17  1:02  SCV  
  18  1:15  SCV  
  19  1:27  Reaper, Orbital Command  
  20  1:41  Command Center  
  20  1:50  Supply Depot  
  20  1:53  SCV  
  21  1:59  Marine  
  22  2:06  SCV  
  23  2:09  Factory  
  23  2:15  Bunker  
  23  2:18  Marine  
  23  2:22  SCV  
  25  2:25  Refinery  
  25  2:34  SCV  
  25  2:36  Barracks Reactor  
  26  2:46  SCV  
  27  2:54  Hellion, Starport  
  27  2:57  Orbital Command  
  29  3:01  SCV  
  30  3:13  SCV  
  30  3:14  Marine x2  
  30  3:15  Factory Tech Lab  
  33  3:23  SCV, Supply Depot  
  33  3:25  SCV  
  35  3:32  Marine x2  
  37  3:36  SCV  
  37  3:37  SCV  
  37  3:39  Raven, Factory Tech Lab  
  41  3:42  Barracks  
  41  3:48  SCV  
  42  3:49  SCV  
  42  3:53  Barracks  
  43  3:56  Marine x2  
  43  4:00  SCV  
  43  4:01  SCV  
  46  4:03  Siege Tank  
  46  4:07  Supply Depot  
  49  4:12  SCV  
  49  4:15  Engineering Bay  
  50  4:18  Marine x2  
  50  4:21  Refinery  
  52  4:24  SCV  
  52  4:25  SCV  
  52  4:31  Starport Reactor  
  54  4:34  Supply Depot  
  54  4:36  SCV  
  57  4:38  Marauder  
  57  4:41  SCV  
  57  4:43  Stimpack  
  57  4:44  Factory Reactor, Marine x2  
  60  4:51  Supply Depot, Marauder  
  62  4:56  SCV x2  
  64  5:00  Terran Infantry Weapons Level 1  
  64  5:02  Marine x2  
  64  5:03  Marauder  
  68  5:07  Supply Depot  
  68  5:12  SCV x2, Refinery  
  68  5:16  Marine  
  69  5:22  Marine  
  69  5:24  Marauder  
  69  5:28  Medivac  
  74  5:32  Marine  
  74  5:34  Medivac  
  74  5:35  Marauder  
  72  5:36  SCV  
  73  5:44  SCV  
  73  5:46  Marauder  
  73  5:48  SCV  
  77  5:51  Supply Depot, Marine  
  77  5:52  Marine  
  77  5:56  Widow Mine x2  
  83  6:01  SCV, Marauder  
  78  6:07  Marauder  
  78  6:08  Marine  
  78  6:10  Marine  
  78  6:14  Medivac x2  
  82  6:18  Supply Depot  
  82  6:23  Marauder, Widow Mine x2  
  88  6:28  Marine  
  88  6:29  Marauder  
  86  6:34  Marine  
  86  6:35  Supply Depot  
  86  6:36  Combat Shield  
  87  6:44  Marauder  
  87  6:46  Marine  
  83  6:49  Marine  
  83  6:53  Command Center, Marine  
  84  7:01  Medivac x2  
  86  7:05  Marauder  
  86  7:08  Supply Depot, Marauder, Marine  
  92  7:14  Widow Mine x2  
  97  7:16  SCV  
  97  7:17  SCV  
  97  7:18  Terran Infantry Armor Level 1  
  97  7:21  Missile Turret  
  97  7:27  Marauder  
  97  7:29  Marauder, Missile Turret  
  98  7:30  SCV  
  98  7:33  Missile Turret  
  98  7:38  SCV  
  98  7:42  SCV  
  100  7:49  Missile Turret, Marine x2  
  100  7:50  SCV  
  100  7:51  Marauder  
  105  7:54  Marauder  
  107  8:03  Barracks  
  107  8:07  SCV  
  107  8:08  Barracks  
  107  8:09  Supply Depot, Marine  
  107  8:10  Marine  
  110  8:15  Marauder  
  110  8:16  SCV  
  113  8:21  Marauder, Widow Mine  
  113  8:29  Widow Mine, Liberator  
  113  8:32  Marine  
  113  8:33  Marine  
  120  8:36  Marine  
  113  8:43  Marauder  
  113  8:45  Widow Mine  
  113  8:52  Marine  
  113  8:53  SCV  
  113  8:54  SCV, Marauder  
  106  9:01  Marine  
  98  9:04  Marauder  
  98  9:05  Widow Mine  
  98  9:06  SCV  
  98  9:09  Marine  
  96  9:14  Liberator  
  96  9:16  Marauder  
  98  9:20  Barracks Reactor, Barracks Tech Lab  
  98  9:21  SCV  
  99  9:24  Marine  
  99  9:25  Marauder  
  99  9:26  SCV  
  103  9:31  Marine  
  103  9:33  Widow Mine  
  103  9:36  SCV  
  103  9:37  Marauder  
  109  9:41  Concussive Shells  
  109  9:43  Marauder  
  109  9:44  SCV  
  112  9:46  Marine  
  112  9:51  SCV  
  112  9:52  Marine  
  112  9:53  Marauder  
  112  9:57  Orbital Command  
  115  10:00  SCV  
  115  10:03  Marine  
  115  10:04  Marine  
  115  10:05  SCV  
  111  10:11  Marine  
  111  10:13  Marauder  
  107  10:14  SCV  
  107  10:17  SCV  
  107  10:18  Marine x2  
  106  10:25  Marine x2  
  106  10:26  SCV x2  
  110  10:29  SCV  
  110  10:34  Marine  
  110  10:39  SCV, Ghost Academy  
  110  10:40  SCV  
  112  10:45  Marine  
  112  10:46  Marauder  
  112  10:48  SCV  
  116  10:50  Marine x2  
  116  10:52  SCV x2  
  118  10:57  Missile Turret  
  118  10:59  Marine  
  118  11:02  Widow Mine x2  
  118  11:04  Marauder  
  125  11:05  Marauder  
  125  11:09  Marine x3  
  125  11:10  Supply Depot  
  130  11:13  Marauder  
  130  11:14  SCV  
  133  11:21  Supply Depot  
  133  11:23  Marine  
  133  11:24  Ghost  
  136  11:26  Ghost  
  136  11:30  Widow Mine  
  136  11:32  Widow Mine  
  142  11:33  Ghost  
  142  11:38  Marine x2  
  139  11:51  SCV  
  139  11:53  Ghost  
  128  11:54  Marine x2  
  128  11:55  Marauder, Widow Mine x2  
  128  11:57  Marine x2  
  128  12:00  Supply Depot  
  138  12:03  SCV, Marauder  
  137  12:08  Medivac x2  
  137  12:11  SCV  
  137  12:12  Supply Depot  
  137  12:14  SCV  
  137  12:15  Marine x2  
  145  12:16  Marauder  
  145  12:20  Refinery  
  145  12:22  Marauder  
  149  12:24  Marauder  
  149  12:28  Command Center  
  151  12:30  Marine x2  
  151  12:33  Supply Depot  
  152  12:38  Marauder, Marine x2  
  152  12:41  Supply Depot  
  152  12:44  Marauder  
  157  12:46  Marauder  
  157  12:48  Supply Depot  
  157  12:50  SCV x2  
  161  12:52  SCV  
  161  12:53  Refinery  
  161  12:54  Marine x2  
  161  12:55  Viking  
  166  12:59  Marauder  
  166  13:00  Viking  
  166  13:02  SCV  
  171  13:06  Marine x2  
  171  13:08  Marauder  
  171  13:09  Marauder  
  173  13:19  Marine x2  
  165  13:20  SCV, Marauder  
  165  13:26  Marine  
Tags
 
Add a new tag
Caveats
  • Supply blocks, unpowered buildings, or Contaminate may cause inaccurate times.
  • Supply counts are checked every 10 seconds.